Map: Frozen Temple

Players

Bunny - Winner!

  • Race: Terran Terran

PtitDrogo

  • Race: Protoss Protoss

Event: DreamHack Open Tours WCS Spring Championship

VOD

https://www.youtube.com/watch?v=qnRKXHVkxAc

Description

Time

  • Played on: May 14, 2016, 9:59 a.m.
  • Length: 14:35

All games in this series

Show
View Real Time Build Order
Export as new Build Order

Bunny Terran - Winner!

Build Orders: Liberator Opening, Reaper Expand, MMM Bio 

Get SALT Encoding   

  12  0:00  SCV  
  13  0:12  SCV  
  14  0:17  Supply Depot  
  14  0:25  SCV  
  15  0:39  SCV, Barracks  
  16  0:44  Refinery  
  16  0:51  SCV  
  17  1:03  SCV  
  18  1:15  SCV  
  19  1:26  Reaper  
  19  1:27  Orbital Command  
  20  1:42  Command Center  
  20  1:47  Refinery  
  20  1:52  SCV  
  21  1:59  Barracks Reactor  
  21  2:02  Supply Depot  
  21  2:04  SCV  
  22  2:16  Factory  
  22  2:17  SCV  
  23  2:32  SCV  
  23  2:35  Marine x2  
  26  2:44  SCV  
  27  2:53  Marine x2, Orbital Command  
  27  2:56  SCV  
  30  2:59  Factory Tech Lab  
  30  3:03  Starport  
  30  3:05  Supply Depot  
  30  3:08  SCV  
  30  3:12  Marine  
  32  3:15  Marine  
  33  3:21  SCV x2  
  33  3:22  Liberator  
  33  3:25  Cyclone  
  38  3:33  SCV x2  
  43  3:45  SCV x2  
  45  3:52  Supply Depot  
  45  3:57  SCV x2  
  45  4:02  Command Center  
  47  4:07  Siege Tank  
  47  4:09  SCV  
  51  4:13  SCV  
  51  4:15  Supply Depot  
  52  4:21  SCV  
  53  4:26  SCV, Barracks  
  53  4:33  SCV, Engineering Bay  
  53  4:36  Starport Reactor  
  53  4:37  Barracks  
  55  4:38  SCV  
  55  4:45  SCV, Siege Tank  
  59  4:50  SCV  
  60  4:53  Marine x2  
  60  4:57  SCV  
  63  5:02  Refinery, SCV  
  63  5:04  Refinery  
  64  5:07  Engineering Bay  
  64  5:09  SCV  
  65  5:14  SCV  
  65  5:16  Orbital Command  
  65  5:19  Barracks Tech Lab  
  63  5:22  SCV  
  63  5:24  Marine x2, Siege Tank  
  63  5:26  SCV  
  70  5:32  Barracks Tech Lab  
  70  5:34  SCV  
  71  5:36  Terran Infantry Weapons Level 1, Terran Infantry Armor Level 1  
  71  5:37  Marine  
  71  5:41  Supply Depot  
  71  5:42  Marine  
  73  5:43  Medivac  
  73  5:47  SCV  
  76  5:55  Marauder  
  76  5:56  Marauder  
  80  5:57  Barracks  
  80  5:59  Barracks  
  80  6:02  Marine x2  
  81  6:05  SCV  
  81  6:09  Supply Depot  
  82  6:13  SCV  
  82  6:16  Marauder  
  82  6:17  Marauder  
  84  6:19  SCV, Marine  
  84  6:20  Marine  
  87  6:26  SCV  
  87  6:32  SCV  
  89  6:37  Marauder, Marine  
  89  6:38  Marine  
  89  6:39  Marauder  
  95  6:40  Combat Shields  
  95  6:41  Stimpack  
  95  6:44  SCV  
  91  6:49  SCV  
  83  6:54  Orbital Command  
  83  6:55  Marine  
  83  6:56  SCV  
  83  6:59  Marauder  
  83  7:00  Marauder  
  88  7:01  Armory  
  88  7:04  SCV  
  88  7:08  SCV, Marine  
  90  7:11  Barracks Tech Lab, Barracks Reactor  
  90  7:13  Marine  
  91  7:16  SCV  
  91  7:20  SCV, Marauder  
  91  7:21  Marauder  
  96  7:24  SCV  
  96  7:25  Marine  
  96  7:28  SCV  
  96  7:29  Supply Depot, Medivac x2  
  103  7:30  Siege Tank  
  103  7:31  Marine  
  103  7:32  Marauder  
  109  7:43  Bunker  
  109  7:44  Supply Depot, SCV x2, Marauder, Marine  
  109  7:45  SCV  
  109  7:50  Supply Depot  
  115  7:51  Marine  
  115  7:54  Marauder  
  115  7:56  SCV x2  
  115  7:57  SCV  
  115  7:58  Refinery  
  121  8:00  Refinery  
  121  8:01  Supply Depot  
  121  8:02  Marauder  
  121  8:05  Supply Depot, Terran Infantry Weapons Level 2  
  123  8:08  SCV, Terran Infantry Armor Level 2  
  123  8:11  Marine  
  123  8:12  Marauder  
  127  8:13  SCV  
  127  8:14  SCV  
  127  8:17  Marine  
  127  8:18  Supply Depot  
  130  8:20  Concussive Shells  
  130  8:21  Marauder, Marine  
  130  8:24  Medivac  
  130  8:25  Medivac  
  130  8:26  Marine x2  
  140  8:33  Supply Depot, Marauder  
  141  8:34  Supply Depot, Marine  
  141  8:35  Marine  
  141  8:38  Liberator  
  141  8:40  Factory Reactor, Marine, Liberator  
  144  8:42  Marauder  
  144  8:45  Marauder, Starport  
  144  8:46  Marine  
  149  8:52  Marine  
  149  8:53  Marine, Missile Turret  
  149  8:54  Marauder  
  153  8:58  Marine  
  160  9:04  Marauder, Marine  
  160  9:06  Marauder  
  165  9:11  Marine  
  165  9:16  Marauder  
  168  9:18  Marine  
  168  9:19  Marine  
  168  9:22  Marine  
  171  9:25  Marauder  
  171  9:28  Marauder  
  175  9:31  Marine, Command Center  
  175  9:33  Barracks  
  175  9:34  Barracks  
  175  9:36  Marine  
  175  9:37  Marauder, Marine  
  175  9:38  Barracks  
  179  9:39  Marine, Liberator  
  176  9:46  Marauder  
  176  9:49  Marauder, Marine  
  170  9:54  Marine  
  170  9:55  Marine  
  170  9:57  Marine  
  170  9:59  Marauder  
  152  10:04  SCV x2  
  151  10:07  Marine  
  151  10:08  Marauder  
  151  10:10  Marauder  
  151  10:11  Marine  
  151  10:13  Marine  
  141  10:15  Medivac, Marine  
  141  10:20  Marauder  
  142  10:25  Marine x3  
  142  10:26  Marine  
  142  10:28  Terran Infantry Weapons Level 3  
  146  10:29  Marauder, Marine  
  146  10:30  Medivac x2  
  146  10:31  Marine  
  146  10:32  Marauder  
  156  10:39  Medivac  
  158  10:43  Marine x2  
  158  10:44  Marauder  
  158  10:45  Command Center  
  158  10:47  Medivac  
  164  10:52  Marine  
  164  10:56  Marine  
  166  11:00  Medivac x2  
  170  11:09  Medivac  
  172  11:13  Liberator  
  172  11:14  Marauder, Marine  
  172  11:15  Marine  
  172  11:16  Medivac, Marauder  
  180  11:19  Marine  
  180  11:23  Marine x2  
  180  11:26  Marauder  
  180  11:31  Marine  
  149  11:36  Marauder  
  149  11:37  Marine  
  149  11:38  Marauder, Marine x2  
  151  11:41  Marine  
  148  11:48  Marauder, Marine  
  148  11:50  Marine  
  148  11:53  Marine  
  149  11:55  Marine x3  
  149  11:57  Marauder  
  149  11:59  Marine  
  149  12:00  Marauder  
  154  12:05  Marine  
  154  12:07  Marine  
  154  12:09  Marauder  
  154  12:10  Marine  
  154  12:13  Marine x3  
  158  12:17  Marine  
  158  12:19  Marauder  
  158  12:21  Marauder  
  162  12:23  Marine  
  162  12:25  Marine  
  162  12:28  Marine  
  162  12:30  Marauder  
  162  12:31  Marine x3  
  162  12:35  Marine  
  133  12:40  Marauder  
  133  12:41  Marine  
  133  12:42  Marauder  
  133  12:43  Marine  
  135  12:46  Marine  
  135  12:51  Marine  
  135  12:52  Marauder  
  135  12:55  Planetary Fortress  
  135  12:57  Marine  
  126  13:01  Marauder  
  126  13:02  Marine x2  
  126  13:04  Marauder  
  129  13:06  Medivac  
  129  13:09  Liberator  
  123  13:13  Marauder  
  123  13:15  Marine  
  123  13:17  Liberator  
  123  13:18  Marine x3  
  111  13:21  Marine  
  111  13:23  Marauder  
  111  13:24  Marine  
  111  13:25  Marauder  
  114  13:35  Marauder  
  114  13:39  Marine x3  
  114  13:41  Marine  
  121  13:44  Marauder  
  121  13:46  Marauder  
  121  13:47  Marine x2  
  121  13:51  Marine  
  116  13:56  Marauder  
  116  13:57  Marine x3  
  116  14:00  Marine  
  121  14:05  Marauder, Marine x2  
  121  14:08  Marauder  
  121  14:09  Marine  
  118  14:11  Refinery  
  118  14:12  Refinery, Command Center  
  118  14:14  Marine  
  118  14:15  Marine x2  
Show
View Real Time Build Order
Export as new Build Order

PtitDrogo Protoss 

Build Orders: 1 Gate Expand, Blink Stalkers 

Get SALT Encoding   

  12  0:01  Probe (Chrono Boost)  
  13  0:11  Probe (Chrono Boost)  
  14  0:17  Pylon  
  14  0:22  Probe (Chrono Boost)  
  16  0:35  Probe (Chrono Boost)  
  16  0:36  Gateway  
  16  0:46  Probe (Chrono Boost)  
  16  0:47  Assimilator  
  17  0:56  Probe (Chrono Boost)  
  18  1:07  Probe (Chrono Boost)  
  19  1:19  Nexus  
  19  1:22  Probe (Chrono Boost)  
  20  1:32  Cybernetics Core  
  20  1:34  Probe (Chrono Boost)  
  20  1:39  Assimilator  
  21  1:45  Probe (Chrono Boost)  
  22  1:49  Pylon  
  22  1:55  Probe (Chrono Boost)  
  25  2:08  Mothership Core (Chrono Boost)  
  25  2:15  Stalker  
  27  2:24  Warp Gate  
  27  2:27  Probe (Chrono Boost)  
  28  2:32  Probe (Chrono Boost)  
  28  2:37  Probe (Chrono Boost)  
  28  2:42  Probe (Chrono Boost)  
  30  2:47  Robotics Facility  
  30  2:48  Probe (Chrono Boost)  
  31  2:53  Probe (Chrono Boost)  
  31  2:57  Stalker  
  35  2:58  Probe (Chrono Boost)  
  35  3:03  Probe (Chrono Boost)  
  36  3:06  Pylon  
  36  3:09  Probe (Chrono Boost)  
  37  3:14  Probe (Chrono Boost)  
  37  3:17  Twilight Council  
  37  3:19  Probe (Chrono Boost)  
  39  3:24  Probe (Chrono Boost)  
  40  3:30  Probe (Chrono Boost)  
  41  3:34  Probe (Chrono Boost)  
  41  3:35  Gateway  
  41  3:37  Gateway  
  41  3:39  Observer (Chrono Boost)  
  41  3:40  Probe  
  44  3:44  Probe  
  44  3:46  Assimilator  
  45  3:49  Blink (Chrono Boost)  
  45  3:51  Probe  
  46  3:56  Probe  
  46  4:02  Probe  
  47  4:08  Probe  
  49  4:12  Probe  
  49  4:14  Nexus  
  49  4:16  Pylon  
  50  4:20  Probe  
  50  4:23  Probe, Pylon  
  52  4:32  Probe  
  52  4:34  Stalker x2  
  52  4:36  Stalker  
  52  4:38  Probe  
  59  4:45  Pylon  
  60  4:47  Warp Prism (Chrono Boost)  
  60  4:50  Probe  
  60  4:51  Probe  
  61  5:04  Stalker  
  61  5:05  Stalker x2  
  63  5:15  Probe  
  63  5:19  Probe  
  63  5:25  Assimilator  
  63  5:27  Probe (Chrono Boost)  
  63  5:28  Probe (Chrono Boost)  
  64  5:31  Probe (Chrono Boost)  
  64  5:32  Stalker x2  
  64  5:33  Stalker  
  72  5:37  Observer (Chrono Boost)  
  72  5:39  Probe (Chrono Boost)  
  72  5:40  Probe (Chrono Boost)  
  76  5:43  Probe (Chrono Boost)  
  77  5:50  Probe x2 (Chrono Boost)  
  77  5:53  Probe (Chrono Boost)  
  77  5:55  Pylon  
  79  6:00  Probe (Chrono Boost)  
  79  6:01  Probe (Chrono Boost)  
  79  6:02  Pylon  
  79  6:04  Probe (Chrono Boost), Stalker x2  
  82  6:05  Stalker  
  82  6:09  Observer  
  82  6:11  Probe (Chrono Boost)  
  89  6:13  Robotics Bay  
  89  6:14  Robotics Facility  
  87  6:19  Probe (Chrono Boost)  
  88  6:26  Probe x2 (Chrono Boost)  
  88  6:27  Pylon  
  88  6:28  Stalker x3  
  96  6:39  Probe x2 (Chrono Boost)  
  98  6:42  Gateway  
  98  6:44  Gateway  
  98  6:45  Gateway  
  98  6:52  Probe (Chrono Boost)  
  91  6:55  Stalker x2  
  91  6:56  Stalker  
  91  6:57  Assimilator  
  91  6:58  Assimilator  
  97  7:05  Disruptor x2 (Chrono Boost)  
  103  7:16  Pylon  
  103  7:19  Pylon  
  103  7:26  Adept x2, Gateway  
  103  7:27  Gateway, Adept  
  109  7:31  Forge x2, Pylon  
  109  7:36  Charge  
  115  7:49  Pylon  
  117  7:51  Immortal x2 (Chrono Boost)  
  117  7:53  Templar Archives  
  117  7:56  Gateway  
  117  7:58  Gateway, Adept  
  119  8:05  Zealot x3, Sentry, Pylon  
  127  8:17  Protoss Ground Armor Level 1 (Chrono Boost), Protoss Ground Weapons Level 1 (Chrono Boost)  
  127  8:18  Pylon  
  127  8:23  Zealot x4  
  127  8:26  Pylon  
  135  8:33  High Templar x2  
  135  8:34  Zealot x2  
  143  8:43  Immortal  
  143  8:44  Archon  
  143  8:47  Immortal  
  151  8:49  Pylon  
  151  8:58  Pylon  
  151  9:01  High Templar  
  151  9:02  High Templar  
  155  9:06  Nexus, Archon  
  155  9:07  Zealot x3  
  161  9:17  High Templar  
  161  9:19  Zealot x2  
  161  9:20  Zealot x2  
  170  9:30  Zealot x2, High Templar  
  176  9:34  Archon  
  166  9:46  Zealot x6  
  146  10:01  Warp Prism  
  146  10:03  Stalker x3  
  146  10:04  Stalker  
  152  10:13  High Templar x2  
  152  10:14  Zealot x4  
  140  10:17  Probe  
  145  10:27  Protoss Ground Weapons Level 2 (Chrono Boost), Protoss Ground Armor Level 2 (Chrono Boost)  
  145  10:28  Probe  
  144  10:32  Pylon  
  144  10:34  Photon Cannon  
  144  10:35  Probe x2  
  146  10:38  Disruptor  
  146  10:40  Disruptor  
  146  10:41  Archon  
  152  10:46  Probe, Assimilator  
  152  10:47  Assimilator  
  153  10:53  Zealot  
  153  10:54  Zealot x2  
  153  10:55  Zealot  
  161  10:57  Zealot  
  163  11:08  Stargate  
  163  11:13  Photon Cannon  
  139  11:36  Zealot x10  
  125  11:40  Probe  
  125  11:42  Probe  
  125  11:45  Disruptor x2  
  100  12:01  Probe  
  101  12:13  High Templar x6  
  101  12:14  Stalker x3  
  114  12:17  Archon x2  
  114  12:18  Archon  
  114  12:21  Disruptor x2  
  118  12:24  Stalker  
  110  12:43  Zealot x3  
  108  12:46  Zealot x3  
  108  12:47  Zealot x3  
  117  12:56  Disruptor  
  113  13:01  Disruptor  
  113  13:03  Stalker x2  
  113  13:04  Stalker x2  
  95  13:15  Zealot x2  
  95  13:16  Zealot x4  
  89  13:27  High Templar x4  
  89  13:31  Archon x2  
  89  13:32  Disruptor  
  92  13:36  Disruptor  
  92  13:40  Zealot x2  
  92  13:41  Zealot x4  
  81  13:59  Zealot x2  
  81  14:00  Zealot x2  
  79  14:07  High Templar  
  79  14:08  High Templar x3  
  78  14:10  Zealot x2  
  78  14:12  Archon  
  78  14:13  Archon  

Tags
 
Add a new tag
Caveats
  • Supply blocks, unpowered buildings, or Contaminate may cause inaccurate times.
  • Supply counts are checked every 10 seconds.